Flames vs Predators

Created - 24 octobre 2025 at 17:18

Goals
1 2 3 OT1 T
Flames 0 1 2 0 3
Predators 0 2 1 1 4
Shots
1 2 3 OT1 T
Flames 3 15 15 2 35
Predators 13 12 16 2 43

GoalsPenalties
1st period
No Goal
Connor Clifton (CAL) for Slashing (Minor) at 17:48
2nd period
1. Predators , Adam Fox 1 (Jordan Greenway 3) at 10:02
2. Predators , William Eklund 4 (Brandon Hagel 7, Aleksander Barkov 5) at 14:37
3. Flames , Pavel Zacha 2 (Sam Reinhart 5, Connor Clifton 1) at 15:01
No Penalty
3rd period
4. Flames , Pavel Zacha 3 (Will Smith 5, Zach Werenski 3) at 4:15
5. Predators , Erik Gustafsson 1 (Mathieu Joseph 2, Jordan Greenway 4) at 16:13
6. Flames , Sam Reinhart 1 (Pavel Zacha 4, Alec Martinez 1) at 19:21
No Penalty
Overtime #1
7. Predators , Brandon Hagel 4 (Aleksander Barkov 6) at 1:12
No Penalty
Goalie Stats
Sergei Bobrovsky (CAL), 39 saves from 43 shots - (0,907), OTL, 0-4-1, 61:04 minutes
Connor Ingram (NSH), 32 saves from 35 shots - (0,914), W, 1-1-1, 61:12 minutes
3 StarsOfficial
1 - Pavel Zacha (CAL)
2 - Erik Gustafsson (NSH)
3 - Sam Reinhart (CAL)
Referees : Stephen Hiff and Robert Hennessey
Linesman : Brent Hooks and Bevan Mills
Game Note
No Game Note
Finance
Level 1 -- Attendance: 5671 (94,52%) -- Ticket Income $538,745
Level 2 -- Attendance: 4814 (96,28%) -- Ticket Income $312,910
Level 3 -- Attendance: 1972 (98,60%) -- Ticket Income $78,880
Level 4 -- Attendance: 3540 (88,50%) -- Ticket Income $88,500
Luxury Box -- Attendance: 872 (87,20%) -- Ticket Income $170,040
Game was played at the Bridgestone arena.
Total Attendance: 16869 (93,72%)
Total Ticket Income: $1,189,075
Other Income: $582,647
Total Income: $1,771,722



Team Name Goals Shots Shots Attemp Shots Blocked PIM HIT PP PK FO%
Flames 33575152220 / 0 (0,00%035%
Predators 44378220180 / 1 (0%)065%

Flames
Player Name POS G A P +/- PIM HIT SHT SB MP PP MP PP SHT PK MP PK SHT FO% FOT GA TA
000000000:000:0000:0000% 000
000000000:000:0000:0000% 000
Alec MartinezD0110011015:370:0000:4100% 000
Blake LizotteC000-1012114:070:0000:33058% 1200
Brandon DuhaimeLW/RW000000019:100:0001:0500% 000
Connor CliftonD0111213018:220:0000:0000% 001
Connor ZaryC/LW000-1004213:340:0000:0000% 200
Drew DoughtyD0001003122:150:0001:1800% 000
Emil LillebergD000-1020015:070:0000:4100% 002
Juraj SlafkovskyLW/RW000-1043017:220:0000:0000% 010
Kiefer SherwoodLW/RW000-1031114:070:0000:3300% 101
Mark JankowskiC/LW000002018:440:0000:2700% 010
Nick SeelerD000-1011323:480:0001:1800% 001
Pavel ZachaC/LW2132036020:390:0000:00033% 3001
Ryan DonatoC/LW0002022019:220:0000:13025% 400
Sam ReinhartC/RW1122013020:300:0000:0000% 100
Teddy BluegerC/LW/RW000000209:120:0001:07043% 701
Trevor MooreC/LW/RW000-2011016:430:0000:0000% 101
Will SmithC/RW011-2002116:430:0000:00032% 1910
Zach WerenskiD011-1001426:140:0000:0000% 005
Predators
Player Name POS G A P +/- PIM HIT SHT SB MP PP MP PP SHT PK MP PK SHT FO% FOT GA TA
000000000:000:0000:0000% 000
000000000:000:0000:0000% 000
Adam FoxD101-1003120:260:3000:0000% 000
Aleksander BarkovC0220013019:040:2100:00059% 2710
Alexandre TexierC/LW/RW0000022012:380:0000:0000% 020
Anthony DuclairLW/RW0000004112:200:0000:0000% 100
Brandon HagelLW/RW1120002319:040:2100:0000% 011
Connor McMichaelC/LW000-1037017:461:3810:000100% 130
Erik GustafssonD1012042017:190:0000:0000% 001
Henry ThrunD000-1010222:151:2900:0000% 000
Jaccob SlavinD0000001521:380:3000:0000% 000
Jake BeanD0002000317:190:0000:0000% 000
Jordan GreenwayLW/RW0222014111:440:0000:0000% 000
Mathieu JosephC/LW/RW0112001111:440:0000:00038% 810
Mattias SamuelssonD000-1010322:151:2900:0000% 000
Radek FaksaC0000002012:380:0000:00073% 1100
Sam BennettC/LW/RW000-1017117:461:3810:00081% 2630
Tanner JeannotLW/RW0002011011:440:0000:0000% 000
William EklundC/LW101-1031017:520:2100:0000% 100
Yegor SharangovichC/LW/RW000-1003118:041:3800:00050% 221

Flames

5 vs 5 Forward
Line #Left WingCenterRight WingPHYDFOFWanted %Time %Time Play
1Ryan DonatoPavel ZachaSam Reinhart0143433%19:09
2Trevor MooreWill SmithJuraj Slafkovsky0233029%16:43
3Connor ZaryBlake LizotteKiefer Sherwood0232224%13:34
4Mark JankowskiTeddy BluegerBrandon Duhaime2211414%8:05
5 vs 5 Defense
Line #DefenseDefensePHYDFOFWanted %Time %Time Play
1Zach WerenskiNick Seeler0323939%22:30
2Drew DoughtyConnor Clifton0323232%18:23
3Emil LillebergAlec Martinez1312525%14:14
4Drew DoughtyZach Werenski02344%2:24
Power Play Forward
Line #Left WingCenterRight WingPHYDFOFWanted %Time %Time Play
1Juraj SlafkovskyPavel ZachaSam Reinhart005650%0:00
2Trevor MooreRyan DonatoWill Smith005350%0:00
Power Play Defense
Line #DefenseDefensePHYDFOFWanted %Time %Time Play
1Zach WerenskiDrew Doughty014650%0:00
2Alec MartinezEmil Lilleberg014350%0:00
Penalty Kill 4 Players Forward
Line #CenterWingPHYDFOFWanted %Time %Time Play
1Teddy BluegerBrandon Duhaime0506072%1:26
2Blake LizotteKiefer Sherwood0504028%0:33
Penalty Kill 4 Players Defense
Line #DefenseDefensePHYDFOFWanted %Time %Time Play
1Connor CliftonNick Seeler1406066%1:18
2Alec MartinezEmil Lilleberg1404034%0:41
Penalty Kill 3 Players
Line #WingPHYDFOFWanted %Time %Time PlayDefenseDefensePHYDFOFWanted %Time %Time Play
1Teddy Blueger050600%0:00 Connor CliftonNick Seeler050600%0:00
2Mark Jankowski050400%0:00 Alec MartinezDrew Doughty050400%0:00
4 vs 4 Forward
Line #CenterWingPHYDFOFWanted %Time %Time Play
1Pavel ZachaSam Reinhart014600%0:00
2Ryan DonatoJuraj Slafkovsky023400%0:00
4 vs 4 Defense
Line #DefensePHYDFOFWanted %Time %Time Play
1Connor CliftonZach Werenski023600%0:00
2Drew DoughtyEmil Lilleberg032400%0:00
Last Minutes Offensive
Left WingCenterRight WingDefenseDefense
Juraj SlafkovskyPavel ZachaSam ReinhartZach WerenskiDrew Doughty
Last Minutes Defensive
Left WingCenterRight WingDefenseDefense
Brandon DuhaimeTeddy BluegerKiefer SherwoodConnor CliftonNick Seeler
Time
Total ForwardTotal DefenseLast Minutes OffensiveLast Minutes Defensive
60:00 60:00 0:300:00
Extra Forwards
Normal PowerPlayPenalty Kill
Sam Reinhart, Pavel Zacha, Juraj SlafkovskyConnor Zary, Kiefer SherwoodMark Jankowski
Extra Defensemen
Normal PowerPlayPenalty Kill
Zach Werenski, Nick Seeler, Connor CliftonDrew Doughty, Connor CliftonDrew Doughty
Penalty Shots
Sam Reinhart, Trevor Moore, Teddy Blueger, Ryan Donato, Juraj Slafkovsky
Goalie
Sergei Bobrovsky, Alex Lyon
Custom OT Lines Forwards
Sam Reinhart, Pavel Zacha, Juraj Slafkovsky, Ryan Donato, Trevor Moore, Kiefer Sherwood, Will Smith, Connor Zary, Blake Lizotte, Teddy Blueger
Custom OT Lines Defensemen
Zach Werenski, Drew Doughty, Emil Lilleberg, Alec Martinez, Nick Seeler
Scratches
Jordan Spence (Healthy), Rasmus Kupari (Healthy)

Predators

5 vs 5 Forward
Line #Left WingCenterRight WingPHYDFOFWanted %Time %Time Play
1Brandon HagelAleksander BarkovWilliam Eklund0233030%17:13
2Connor McMichaelSam BennettYegor Sharangovich0233028%16:08
3Anthony DuclairRadek FaksaAlexandre Texier0322021%12:20
4Tanner JeannotMathieu JosephJordan Greenway2212020%11:44
5 vs 5 Defense
Line #DefenseDefensePHYDFOFWanted %Time %Time Play
1Jaccob SlavinAdam Fox0233534%19:20
2Henry ThrunMattias Samuelsson0233536%20:46
3Jake BeanErik Gustafsson0323030%17:19
4Jaccob SlavinAdam Fox12200%0:00
Power Play Forward
Line #Left WingCenterRight WingPHYDFOFWanted %Time %Time Play
1Brandon HagelAleksander BarkovWilliam Eklund0145018%0:21
2Connor McMichaelSam BennettYegor Sharangovich0145082%1:38
Power Play Defense
Line #DefenseDefensePHYDFOFWanted %Time %Time Play
1Jaccob SlavinAdam Fox0145025%0:30
2Henry ThrunMattias Samuelsson0145075%1:29
Penalty Kill 4 Players Forward
Line #CenterWingPHYDFOFWanted %Time %Time Play
1Radek FaksaBrandon Hagel041500%0:00
2Aleksander BarkovWilliam Eklund041500%0:00
Penalty Kill 4 Players Defense
Line #DefenseDefensePHYDFOFWanted %Time %Time Play
1Jaccob SlavinAdam Fox041500%0:00
2Henry ThrunMattias Samuelsson041500%0:00
Penalty Kill 3 Players
Line #WingPHYDFOFWanted %Time %Time PlayDefenseDefensePHYDFOFWanted %Time %Time Play
1Radek Faksa050500%0:00 Jaccob SlavinAdam Fox050500%0:00
2Aleksander Barkov050500%0:00 Henry ThrunMattias Samuelsson050500%0:00
4 vs 4 Forward
Line #CenterWingPHYDFOFWanted %Time %Time Play
1Radek FaksaAnthony Duclair032500%0:00
2Mathieu JosephJordan Greenway032500%0:00
4 vs 4 Defense
Line #DefensePHYDFOFWanted %Time %Time Play
1Jake BeanErik Gustafsson032500%0:00
2Henry ThrunMattias Samuelsson032500%0:00
Last Minutes Offensive
Left WingCenterRight WingDefenseDefense
Brandon HagelAleksander BarkovWilliam EklundJaccob SlavinAdam Fox
Last Minutes Defensive
Left WingCenterRight WingDefenseDefense
Brandon HagelAleksander BarkovWilliam EklundJaccob SlavinAdam Fox
Time
Total ForwardTotal DefenseLast Minutes OffensiveLast Minutes Defensive
60:00 60:00 0:000:36
Extra Forwards
Normal PowerPlayPenalty Kill
Yegor Sharangovich, Aleksander Barkov, Radek FaksaRadek Faksa, Brandon HagelConnor McMichael
Extra Defensemen
Normal PowerPlayPenalty Kill
Jaccob Slavin, Adam Fox, Erik GustafssonErik Gustafsson, Henry ThrunErik Gustafsson
Penalty Shots
Aleksander Barkov, Jake Bean, Yegor Sharangovich, William Eklund, Mathieu Joseph
Goalie
Connor Ingram, Jeremy Swayman
Custom OT Lines Forwards
Aleksander Barkov, Brandon Hagel, Sam Bennett, Yegor Sharangovich, Connor McMichael, Mathieu Joseph, Radek Faksa, Alexandre Texier, William Eklund, Tanner Jeannot
Custom OT Lines Defensemen
Jaccob Slavin, Adam Fox, Erik Gustafsson, Jake Bean, Henry Thrun
Scratches
Tanner Laczynski (Healthy)


Play-by-Play

1st period


0:01 of 1st period - Aleksander Barkov wins face-off versus Pavel Zacha in neutral zone.
0:10 of 1st period - Wrist shot by Brandon Hagel.
0:10 of 1st period - Shot Misses the Net.
0:32 of 1st period - Off-side.
0:33 of 1st period - Radek Faksa wins face-off versus Kiefer Sherwood in neutral zone.
0:35 of 1st period - Off-side.
0:36 of 1st period - Radek Faksa wins face-off versus Blake Lizotte in neutral zone.
1:11 of 1st period - Mattias Samuelsson is hit by Mark Jankowski and loses puck.
1:41 of 1st period - Off-side.
1:42 of 1st period - Pavel Zacha wins face-off versus Aleksander Barkov in neutral zone.
2:01 of 1st period - William Eklund is hit by Pavel Zacha and loses puck.
2:54 of 1st period - Snap shot by Sam Reinhart.
2:54 of 1st period - Shot Misses the Net.
3:04 of 1st period - Snap shot by Brandon Hagel.
3:04 of 1st period - Deflect By Aleksander Barkov.
3:04 of 1st period - Shot Misses the Net.
3:04 of 1st period - Puck is out of play.
3:05 of 1st period - Sam Bennett wins face-off versus Will Smith in Flames zone.
3:21 of 1st period - Wrist shot by Juraj Slafkovsky.
3:21 of 1st period - Stopped by Connor Ingram with a rebound.
3:31 of 1st period - Alec Martinez is hit by Tanner Jeannot and loses puck.
4:15 of 1st period - Wrist shot by Brandon Duhaime.
4:15 of 1st period - Shot Blocked by Mattias Samuelsson.
4:52 of 1st period - Icing by Radek Faksa.
4:53 of 1st period - Radek Faksa wins face-off versus Will Smith in Predators zone.
5:04 of 1st period - Wrist shot by Connor McMichael.
5:04 of 1st period - Stopped by Sergei Bobrovsky without a rebound.
5:05 of 1st period - Connor McMichael wins face-off versus Blake Lizotte in Flames zone.
6:33 of 1st period - Snap shot by Connor McMichael.
6:33 of 1st period - Deflect By Yegor Sharangovich.
6:33 of 1st period - Shot Blocked by Blake Lizotte.
6:33 of 1st period - Puck is out of play.
6:34 of 1st period - Blake Lizotte wins face-off versus Mathieu Joseph in Flames zone.
6:34 of 1st period - Blake Lizotte is hit by Jordan Greenway.
7:01 of 1st period - Mattias Samuelsson is hit by Emil Lilleberg and loses puck.
7:53 of 1st period - Snap shot by Brandon Hagel.
7:53 of 1st period - Shot Misses the Net.
7:58 of 1st period - Off-side.
7:59 of 1st period - Sam Bennett wins face-off versus Will Smith in neutral zone.
8:51 of 1st period - Jake Bean is hit by Sam Reinhart and loses puck.
9:23 of 1st period - Slapshot by Connor Zary.
9:23 of 1st period - Stopped by Connor Ingram without a rebound.
9:24 of 1st period - Sam Bennett wins face-off versus Teddy Blueger in Predators zone.
10:23 of 1st period - Slapshot by Blake Lizotte.
10:23 of 1st period - Stopped by Connor Ingram with a rebound.
10:33 of 1st period - Emil Lilleberg is hit by Alexandre Texier and loses puck.
10:38 of 1st period - Snap shot by Anthony Duclair.
10:38 of 1st period - Shot Misses the Net.
10:40 of 1st period - Snap shot by Radek Faksa.
10:40 of 1st period - Stopped by Sergei Bobrovsky without a rebound.
10:41 of 1st period - Sam Bennett wins face-off versus Ryan Donato in Flames zone.
10:44 of 1st period - Snap shot by Connor McMichael.
10:44 of 1st period - Stopped by Sergei Bobrovsky with a rebound.
10:46 of 1st period - Slapshot by Connor McMichael.
10:46 of 1st period - Shot Blocked by Zach Werenski.
10:48 of 1st period - Slapshot by Connor McMichael.
10:48 of 1st period - Stopped by Sergei Bobrovsky without a rebound.
10:49 of 1st period - Sam Bennett wins face-off versus Ryan Donato in Flames zone.
10:52 of 1st period - Snap shot by Connor McMichael.
10:52 of 1st period - Shot Blocked by Nick Seeler.
11:00 of 1st period - Snap shot by Ryan Donato.
11:00 of 1st period - Shot Blocked by Yegor Sharangovich.
11:13 of 1st period - Icing by Adam Fox.
11:14 of 1st period - Will Smith wins face-off versus Sam Bennett in Predators zone.
11:17 of 1st period - Slapshot by Trevor Moore.
11:17 of 1st period - Deflect By Juraj Slafkovsky.
11:17 of 1st period - Shot Misses the Net.
11:17 of 1st period - Puck is out of play.
11:18 of 1st period - Aleksander Barkov wins face-off versus Will Smith in Predators zone.
11:18 of 1st period - Aleksander Barkov is hit by Connor Clifton.
11:26 of 1st period - Trevor Moore is hit by Aleksander Barkov and loses puck.
11:45 of 1st period - Kiefer Sherwood is hit by Erik Gustafsson and loses puck.
12:15 of 1st period - Off-side.
12:16 of 1st period - Pavel Zacha wins face-off versus Aleksander Barkov in neutral zone.
12:23 of 1st period - Aleksander Barkov is hit by Alec Martinez and loses puck.
12:30 of 1st period - Emil Lilleberg is hit by William Eklund and loses puck.
13:11 of 1st period - Wrist shot by Yegor Sharangovich.
13:11 of 1st period - Stopped by Sergei Bobrovsky without a rebound.
13:12 of 1st period - Mathieu Joseph wins face-off versus Will Smith in Flames zone.
13:17 of 1st period - Slapshot by Jordan Greenway.
13:17 of 1st period - Stopped by Sergei Bobrovsky with a rebound.
13:19 of 1st period - Wrist shot by Henry Thrun.
13:19 of 1st period - Shot Misses the Net.
13:21 of 1st period - Snap shot by Jordan Greenway.
13:21 of 1st period - Deflect By Tanner Jeannot.
13:21 of 1st period - Shot Misses the Net.
13:21 of 1st period - Puck is out of play.
13:22 of 1st period - Mathieu Joseph wins face-off versus Will Smith in Flames zone.
13:39 of 1st period - Snap shot by Mathieu Joseph.
13:39 of 1st period - Stopped by Sergei Bobrovsky without a rebound.
13:40 of 1st period - Blake Lizotte wins face-off versus William Eklund in Flames zone.
14:32 of 1st period - Backhand shot by Juraj Slafkovsky.
14:32 of 1st period - Deflect By Sam Reinhart.
14:32 of 1st period - Shot Blocked by Mattias Samuelsson.
14:32 of 1st period - Puck is out of play.
14:33 of 1st period - Radek Faksa wins face-off versus Pavel Zacha in Predators zone.
14:41 of 1st period - Off-side.
14:42 of 1st period - Aleksander Barkov wins face-off versus Connor Zary in neutral zone.
14:52 of 1st period - Snap shot by Brandon Hagel.
14:52 of 1st period - Shot Misses the Net.
14:54 of 1st period - Slapshot by Erik Gustafsson.
14:54 of 1st period - Stopped by Sergei Bobrovsky without a rebound.
14:55 of 1st period - Yegor Sharangovich wins face-off versus Pavel Zacha in Flames zone.
15:00 of 1st period - Snap shot by Sam Bennett.
15:00 of 1st period - Stopped by Sergei Bobrovsky without a rebound.
15:01 of 1st period - Pavel Zacha wins face-off versus Sam Bennett in Flames zone.
15:01 of 1st period - Pavel Zacha is hit by Sam Bennett.
15:17 of 1st period - Slapshot by Connor McMichael.
15:17 of 1st period - Stopped by Sergei Bobrovsky with a rebound.
15:37 of 1st period - Aleksander Barkov is hit by Kiefer Sherwood and loses puck.
16:29 of 1st period - Icing by Jordan Greenway.
16:30 of 1st period - Sam Bennett wins face-off versus Pavel Zacha in Predators zone.
16:43 of 1st period - Wrist shot by Connor McMichael.
16:43 of 1st period - Deflect By Sam Bennett.
16:43 of 1st period - Shot Hit the Post.
16:43 of 1st period - Puck is out of play.
16:44 of 1st period - Will Smith wins face-off versus Aleksander Barkov in Flames zone.
16:58 of 1st period - Off-side.
16:59 of 1st period - Blake Lizotte wins face-off versus Mathieu Joseph in neutral zone.
17:10 of 1st period - Slapshot by Kiefer Sherwood.
17:10 of 1st period - Deflect By Connor Zary.
17:10 of 1st period - Shot Blocked by Adam Fox.
17:10 of 1st period - Puck is out of play.
17:11 of 1st period - Radek Faksa wins face-off versus Will Smith in Predators zone.
17:48 of 1st period - Minor Penalty to Connor Clifton for Slashing.
17:49 of 1st period - Teddy Blueger wins face-off versus Aleksander Barkov in Flames zone.
18:24 of 1st period - Slapshot by Sam Bennett.
18:24 of 1st period - Stopped by Sergei Bobrovsky without a rebound.
18:25 of 1st period - Sam Bennett wins face-off versus Teddy Blueger in Flames zone.
18:30 of 1st period - Slapshot by Connor McMichael.
18:30 of 1st period - Stopped by Sergei Bobrovsky with a rebound.
19:48 of 1st period - Penalty to Connor Clifton is over, Connor Clifton is back on ice.
19:49 of 1st period - Snap shot by Yegor Sharangovich.
19:49 of 1st period - Stopped by Sergei Bobrovsky with a rebound.
Goals for this period are 0 for Flames vs 0 for Predators.
Shots for this period are 3 for Flames vs 13 for Predators.

2nd period


0:01 of 2nd period - Aleksander Barkov wins face-off versus Blake Lizotte in neutral zone.
0:12 of 2nd period - Snap shot by Kiefer Sherwood.
0:12 of 2nd period - Shot Blocked by Brandon Hagel.
0:14 of 2nd period - Snap shot by Connor Zary.
0:14 of 2nd period - Stopped by Connor Ingram without a rebound.
0:15 of 2nd period - Mathieu Joseph wins face-off versus Will Smith in Predators zone.
0:28 of 2nd period - Slapshot by Juraj Slafkovsky.
0:28 of 2nd period - Stopped by Connor Ingram with a rebound.
0:30 of 2nd period - Slapshot by Will Smith.
0:30 of 2nd period - Stopped by Connor Ingram with a rebound.
0:42 of 2nd period - Pavel Zacha is hit by William Eklund.
1:30 of 2nd period - Snap shot by Anthony Duclair.
1:30 of 2nd period - Shot Blocked by Drew Doughty.
1:43 of 2nd period - Slapshot by Drew Doughty.
1:43 of 2nd period - Stopped by Connor Ingram without a rebound.
1:44 of 2nd period - Will Smith wins face-off versus Mathieu Joseph in Predators zone.
2:21 of 2nd period - Tanner Jeannot is hit by Juraj Slafkovsky and loses puck.
2:42 of 2nd period - Snap shot by Will Smith.
2:42 of 2nd period - Stopped by Connor Ingram with a rebound.
2:59 of 2nd period - Snap shot by Juraj Slafkovsky.
2:59 of 2nd period - Shot Misses the Net.
3:01 of 2nd period - Snap shot by Emil Lilleberg.
3:01 of 2nd period - Shot Misses the Net.
3:03 of 2nd period - Snap shot by Juraj Slafkovsky.
3:03 of 2nd period - Stopped by Connor Ingram with a rebound.
3:05 of 2nd period - Snap shot by Trevor Moore.
3:05 of 2nd period - Shot Blocked by Mattias Samuelsson.
3:07 of 2nd period - Wrist shot by Trevor Moore.
3:07 of 2nd period - Shot Misses the Net.
3:09 of 2nd period - Wrist shot by Will Smith.
3:09 of 2nd period - Shot Blocked by Henry Thrun.
3:11 of 2nd period - Slapshot by Emil Lilleberg.
3:11 of 2nd period - Shot Blocked by Mathieu Joseph.
3:15 of 2nd period - Snap shot by Juraj Slafkovsky.
3:15 of 2nd period - Shot Misses the Net.
3:23 of 2nd period - Wrist shot by Tanner Jeannot.
3:23 of 2nd period - Stopped by Sergei Bobrovsky with a rebound.
3:25 of 2nd period - Wrist shot by Tanner Jeannot.
3:25 of 2nd period - Shot Misses the Net.
3:27 of 2nd period - Wrist shot by Jordan Greenway.
3:27 of 2nd period - Stopped by Sergei Bobrovsky without a rebound.
3:28 of 2nd period - Pavel Zacha wins face-off versus Aleksander Barkov in Flames zone.
3:40 of 2nd period - Snap shot by Sam Reinhart.
3:40 of 2nd period - Shot Blocked by Jaccob Slavin.
3:42 of 2nd period - Slapshot by Drew Doughty.
3:42 of 2nd period - Shot Blocked by Jaccob Slavin.
3:44 of 2nd period - Slapshot by Connor Clifton.
3:44 of 2nd period - Deflect By Aleksander Barkov.
3:44 of 2nd period - Stopped by Connor Ingram with a rebound.
4:14 of 2nd period - Kiefer Sherwood is hit by Erik Gustafsson and loses puck.
4:23 of 2nd period - Slapshot by Connor Zary.
4:23 of 2nd period - Shot Misses the Net.
4:25 of 2nd period - Snap shot by Connor Clifton.
4:25 of 2nd period - Stopped by Connor Ingram with a rebound.
4:27 of 2nd period - Wrist shot by Blake Lizotte.
4:27 of 2nd period - Stopped by Connor Ingram with a rebound.
4:31 of 2nd period - Snap shot by Blake Lizotte.
4:31 of 2nd period - Shot Blocked by Jake Bean.
4:33 of 2nd period - Slapshot by Connor Clifton.
4:33 of 2nd period - Shot Misses the Net.
4:41 of 2nd period - Snap shot by Anthony Duclair.
4:41 of 2nd period - Stopped by Sergei Bobrovsky without a rebound.
4:42 of 2nd period - Aleksander Barkov wins face-off versus Ryan Donato in Flames zone.
4:57 of 2nd period - Wrist shot by Zach Werenski.
4:57 of 2nd period - Stopped by Connor Ingram with a rebound.
5:09 of 2nd period - Teddy Blueger is hit by Mattias Samuelsson and loses puck.
5:20 of 2nd period - Wrist shot by Connor McMichael.
5:20 of 2nd period - Shot Blocked by Brandon Duhaime.
5:22 of 2nd period - Slapshot by Jaccob Slavin.
5:22 of 2nd period - Shot Misses the Net.
6:36 of 2nd period - Brandon Duhaime is hit by Connor McMichael and loses puck.
7:22 of 2nd period - Off-side.
7:23 of 2nd period - Aleksander Barkov wins face-off versus Will Smith in neutral zone.
7:48 of 2nd period - Adam Fox is hit by Emil Lilleberg and loses puck.
8:05 of 2nd period - Alec Martinez is hit by Henry Thrun and loses puck.
8:27 of 2nd period - Anthony Duclair is hit by Kiefer Sherwood and loses puck.
9:16 of 2nd period - Mathieu Joseph is hit by Juraj Slafkovsky and loses puck.
9:32 of 2nd period - Snap shot by Mathieu Joseph.
9:32 of 2nd period - Shot Blocked by Zach Werenski.
9:34 of 2nd period - Slapshot by Jaccob Slavin.
9:34 of 2nd period - Shot Blocked by Will Smith.
9:58 of 2nd period - Wrist shot by Jordan Greenway.
9:58 of 2nd period - Stopped by Sergei Bobrovsky with a rebound.
10:00 of 2nd period - Wrist shot by Jordan Greenway.
10:00 of 2nd period - Shot Blocked by Nick Seeler.
10:02 of 2nd period - Slapshot by Adam Fox.
10:02 of 2nd period - Goal by Adam Fox - Flames : 0 - Predators : 1.
10:03 of 2nd period - Sam Bennett wins face-off versus Pavel Zacha in neutral zone.
10:14 of 2nd period - Wrist shot by Pavel Zacha.
10:14 of 2nd period - Shot Misses the Net.
10:28 of 2nd period - Aleksander Barkov is hit by Kiefer Sherwood.
10:37 of 2nd period - Slapshot by Kiefer Sherwood.
10:37 of 2nd period - Stopped by Connor Ingram without a rebound.
10:38 of 2nd period - Sam Bennett wins face-off versus Blake Lizotte in Predators zone.
11:03 of 2nd period - Slapshot by Drew Doughty.
11:03 of 2nd period - Stopped by Connor Ingram without a rebound.
11:04 of 2nd period - Pavel Zacha wins face-off versus Aleksander Barkov in Predators zone.
11:13 of 2nd period - Icing by Mattias Samuelsson.
11:14 of 2nd period - Pavel Zacha wins face-off versus Aleksander Barkov in Predators zone.
11:17 of 2nd period - Slapshot by Pavel Zacha.
11:17 of 2nd period - Stopped by Connor Ingram with a rebound.
11:25 of 2nd period - Wrist shot by Aleksander Barkov.
11:25 of 2nd period - Stopped by Sergei Bobrovsky without a rebound.
11:26 of 2nd period - Ryan Donato wins face-off versus Sam Bennett in Flames zone.
11:26 of 2nd period - Ryan Donato is hit by Connor McMichael.
12:10 of 2nd period - Icing by Zach Werenski.
12:11 of 2nd period - Radek Faksa wins face-off versus Teddy Blueger in Flames zone.
12:12 of 2nd period - Slapshot by Anthony Duclair.
12:12 of 2nd period - Stopped by Sergei Bobrovsky without a rebound.
12:13 of 2nd period - Sam Bennett wins face-off versus Pavel Zacha in Flames zone.
13:01 of 2nd period - Drew Doughty is hit by Alexandre Texier and loses puck.
13:48 of 2nd period - Icing by Sam Bennett.
13:49 of 2nd period - Sam Bennett wins face-off versus Pavel Zacha in Predators zone.
14:04 of 2nd period - Zach Werenski is hit by Connor McMichael and loses puck.
14:21 of 2nd period - Wrist shot by Sam Reinhart.
14:21 of 2nd period - Stopped by Connor Ingram without a rebound.
14:22 of 2nd period - Aleksander Barkov wins face-off versus Will Smith in Predators zone.
14:35 of 2nd period - Wrist shot by Brandon Hagel.
14:35 of 2nd period - Shot Misses the Net.
14:37 of 2nd period - Wrist shot by William Eklund.
14:37 of 2nd period - Goal by William Eklund - Flames : 0 - Predators : 2.
14:38 of 2nd period - Aleksander Barkov wins face-off versus Pavel Zacha in neutral zone.
14:43 of 2nd period - Backhand shot by Aleksander Barkov.
14:43 of 2nd period - Stopped by Sergei Bobrovsky without a rebound.
14:44 of 2nd period - Pavel Zacha wins face-off versus Aleksander Barkov in Flames zone.
14:59 of 2nd period - Snap shot by Sam Reinhart.
14:59 of 2nd period - Shot Blocked by Henry Thrun.
15:01 of 2nd period - Slapshot by Pavel Zacha.
15:01 of 2nd period - Goal by Pavel Zacha - Flames : 1 - Predators : 2.
15:02 of 2nd period - Pavel Zacha wins face-off versus Radek Faksa in neutral zone.
15:07 of 2nd period - Anthony Duclair is hit by Pavel Zacha and loses puck.
16:09 of 2nd period - Snap shot by Tanner Jeannot.
16:09 of 2nd period - Deflect By Jordan Greenway.
16:09 of 2nd period - Stopped by Sergei Bobrovsky without a rebound.
16:10 of 2nd period - Teddy Blueger wins face-off versus Mathieu Joseph in Flames zone.
16:25 of 2nd period - Wrist shot by Brandon Duhaime.
16:25 of 2nd period - Deflect By Teddy Blueger.
16:25 of 2nd period - Shot Misses the Net.
16:25 of 2nd period - Puck is out of play.
16:26 of 2nd period - Sam Bennett wins face-off versus Pavel Zacha in Predators zone.
16:41 of 2nd period - Slapshot by Sam Bennett.
16:41 of 2nd period - Stopped by Sergei Bobrovsky without a rebound.
16:42 of 2nd period - Will Smith wins face-off versus Radek Faksa in Flames zone.
17:14 of 2nd period - Off-side.
17:15 of 2nd period - Pavel Zacha wins face-off versus Aleksander Barkov in neutral zone.
17:18 of 2nd period - Jake Bean is hit by Pavel Zacha and loses puck.
17:37 of 2nd period - Snap shot by Brandon Hagel.
17:37 of 2nd period - Stopped by Sergei Bobrovsky without a rebound.
17:38 of 2nd period - Sam Bennett wins face-off versus Blake Lizotte in Flames zone.
18:09 of 2nd period - Icing by Zach Werenski.
18:10 of 2nd period - Aleksander Barkov wins face-off versus Will Smith in Flames zone.
18:55 of 2nd period - Slapshot by Zach Werenski.
18:55 of 2nd period - Shot Blocked by Jake Bean.
19:37 of 2nd period - Emil Lilleberg is hit by William Eklund and loses puck.
Goals for this period are 1 for Flames vs 2 for Predators.
Shots for this period are 15 for Flames vs 12 for Predators.

3rd period


0:01 of 3rd period - Sam Bennett wins face-off versus Pavel Zacha in neutral zone.
0:07 of 3rd period - Slapshot by Adam Fox.
0:07 of 3rd period - Shot Misses the Net.
0:09 of 3rd period - Snap shot by Sam Bennett.
0:09 of 3rd period - Stopped by Sergei Bobrovsky with a rebound.
0:11 of 3rd period - Slapshot by Adam Fox.
0:11 of 3rd period - Deflect By Yegor Sharangovich.
0:11 of 3rd period - Shot Misses the Net.
0:11 of 3rd period - Puck is out of play.
0:12 of 3rd period - Sam Bennett wins face-off versus Pavel Zacha in Flames zone.
0:25 of 3rd period - Slapshot by Sam Bennett.
0:25 of 3rd period - Stopped by Sergei Bobrovsky with a rebound.
0:27 of 3rd period - Wrist shot by Connor McMichael.
0:27 of 3rd period - Shot Misses the Net.
0:37 of 3rd period - Henry Thrun is hit by Blake Lizotte and loses puck.
0:46 of 3rd period - Snap shot by Aleksander Barkov.
0:46 of 3rd period - Stopped by Sergei Bobrovsky without a rebound.
0:47 of 3rd period - Sam Bennett wins face-off versus Will Smith in Flames zone.
1:00 of 3rd period - Snap shot by Sam Bennett.
1:00 of 3rd period - Shot Hit the Post.
1:56 of 3rd period - Off-side.
1:57 of 3rd period - Blake Lizotte wins face-off versus Sam Bennett in neutral zone.
3:37 of 3rd period - Wrist shot by Connor McMichael.
3:37 of 3rd period - Stopped by Sergei Bobrovsky without a rebound.
3:38 of 3rd period - Will Smith wins face-off versus Sam Bennett in Flames zone.
3:43 of 3rd period - Slapshot by Sam Bennett.
3:43 of 3rd period - Stopped by Sergei Bobrovsky with a rebound.
3:45 of 3rd period - Slapshot by Adam Fox.
3:45 of 3rd period - Stopped by Sergei Bobrovsky without a rebound.
3:46 of 3rd period - Aleksander Barkov wins face-off versus Will Smith in Flames zone.
4:15 of 3rd period - Wrist shot by Pavel Zacha.
4:15 of 3rd period - Goal by Pavel Zacha - Flames : 2 - Predators : 2.
4:16 of 3rd period - Aleksander Barkov wins face-off versus Sam Reinhart in neutral zone.
4:52 of 3rd period - Snap shot by Connor McMichael.
4:52 of 3rd period - Stopped by Sergei Bobrovsky with a rebound.
6:00 of 3rd period - Snap shot by Pavel Zacha.
6:00 of 3rd period - Stopped by Connor Ingram without a rebound.
6:01 of 3rd period - Sam Bennett wins face-off versus Pavel Zacha in Predators zone.
6:01 of 3rd period - Sam Bennett is hit by Ryan Donato.
6:09 of 3rd period - Snap shot by Sam Bennett.
6:09 of 3rd period - Stopped by Sergei Bobrovsky with a rebound.
6:11 of 3rd period - Slapshot by Mattias Samuelsson.
6:11 of 3rd period - Deflect By Yegor Sharangovich.
6:11 of 3rd period - Shot Misses the Net.
6:11 of 3rd period - Puck is out of play.
6:12 of 3rd period - Aleksander Barkov wins face-off versus Pavel Zacha in Flames zone.
6:21 of 3rd period - Wrist shot by Ryan Donato.
6:21 of 3rd period - Shot Misses the Net.
6:29 of 3rd period - Wrist shot by Ryan Donato.
6:29 of 3rd period - Stopped by Connor Ingram with a rebound.
7:26 of 3rd period - Anthony Duclair is hit by Nick Seeler and loses puck.
7:33 of 3rd period - Snap shot by Teddy Blueger.
7:33 of 3rd period - Stopped by Connor Ingram with a rebound.
7:35 of 3rd period - Snap shot by Teddy Blueger.
7:35 of 3rd period - Shot Blocked by Jaccob Slavin.
7:37 of 3rd period - Wrist shot by Teddy Blueger.
7:37 of 3rd period - Stopped by Connor Ingram with a rebound.
7:49 of 3rd period - Slapshot by Ryan Donato.
7:49 of 3rd period - Stopped by Connor Ingram with a rebound.
7:51 of 3rd period - Slapshot by Alec Martinez.
7:51 of 3rd period - Stopped by Connor Ingram with a rebound.
7:53 of 3rd period - Slapshot by Nick Seeler.
7:53 of 3rd period - Stopped by Connor Ingram without a rebound.
7:54 of 3rd period - Sam Bennett wins face-off versus Pavel Zacha in Predators zone.
8:15 of 3rd period - Slapshot by Sam Reinhart.
8:15 of 3rd period - Stopped by Connor Ingram with a rebound.
8:39 of 3rd period - Henry Thrun is hit by Juraj Slafkovsky and loses puck.
9:22 of 3rd period - Yegor Sharangovich is hit by Mark Jankowski and loses puck.
9:55 of 3rd period - Snap shot by Kiefer Sherwood.
9:55 of 3rd period - Deflect By Connor Zary.
9:55 of 3rd period - Shot Misses the Net.
9:55 of 3rd period - Puck is out of play.
9:56 of 3rd period - Blake Lizotte wins face-off versus Aleksander Barkov in Predators zone.
10:25 of 3rd period - Snap shot by Connor Zary.
10:25 of 3rd period - Stopped by Connor Ingram with a rebound.
10:27 of 3rd period - Slapshot by Connor Zary.
10:27 of 3rd period - Stopped by Connor Ingram without a rebound.
10:28 of 3rd period - Sam Bennett wins face-off versus Pavel Zacha in Predators zone.
10:40 of 3rd period - Off-side.
10:41 of 3rd period - Aleksander Barkov wins face-off versus Pavel Zacha in neutral zone.
11:08 of 3rd period - Zach Werenski is hit by Erik Gustafsson and loses puck.
11:13 of 3rd period - Snap shot by Yegor Sharangovich.
11:13 of 3rd period - Stopped by Sergei Bobrovsky without a rebound.
11:14 of 3rd period - Sam Bennett wins face-off versus Trevor Moore in Flames zone.
11:31 of 3rd period - Snap shot by Connor McMichael.
11:31 of 3rd period - Deflect By Yegor Sharangovich.
11:31 of 3rd period - Shot Misses the Net.
11:31 of 3rd period - Puck is out of play.
11:32 of 3rd period - Radek Faksa wins face-off versus Pavel Zacha in Flames zone.
11:41 of 3rd period - Snap shot by Sam Reinhart.
11:41 of 3rd period - Shot Blocked by Anthony Duclair.
11:57 of 3rd period - Erik Gustafsson is hit by Trevor Moore and loses puck.
12:29 of 3rd period - Wrist shot by Brandon Duhaime.
12:29 of 3rd period - Shot Misses the Net.
12:31 of 3rd period - Snap shot by Zach Werenski.
12:31 of 3rd period - Shot Blocked by Jordan Greenway.
12:33 of 3rd period - Snap shot by Teddy Blueger.
12:33 of 3rd period - Deflect By Tanner Jeannot.
12:33 of 3rd period - Shot Misses the Net.
12:33 of 3rd period - Puck is out of play.
12:34 of 3rd period - Sam Bennett wins face-off versus Pavel Zacha in Predators zone.
12:43 of 3rd period - Slapshot by Adam Fox.
12:43 of 3rd period - Stopped by Sergei Bobrovsky with a rebound.
12:51 of 3rd period - Yegor Sharangovich is hit by Ryan Donato.
13:10 of 3rd period - Snap shot by Trevor Moore.
13:10 of 3rd period - Stopped by Connor Ingram without a rebound.
13:11 of 3rd period - Will Smith wins face-off versus Radek Faksa in Predators zone.
13:14 of 3rd period - Snap shot by Will Smith.
13:14 of 3rd period - Shot Blocked by Jake Bean.
14:18 of 3rd period - Snap shot by Ryan Donato.
14:18 of 3rd period - Deflect By Pavel Zacha.
14:18 of 3rd period - Stopped by Connor Ingram with a rebound.
14:20 of 3rd period - Slapshot by Connor Clifton.
14:20 of 3rd period - Stopped by Connor Ingram without a rebound.
14:21 of 3rd period - Blake Lizotte wins face-off versus Yegor Sharangovich in Predators zone.
14:22 of 3rd period - Wrist shot by Connor Zary.
14:22 of 3rd period - Shot Blocked by Sam Bennett.
14:32 of 3rd period - Snap shot by Connor McMichael.
14:32 of 3rd period - Shot Misses the Net.
14:46 of 3rd period - Brandon Hagel is hit by Juraj Slafkovsky and loses puck.
15:21 of 3rd period - Snap shot by Alexandre Texier.
15:21 of 3rd period - Shot Blocked by Mark Jankowski.
16:11 of 3rd period - Wrist shot by Mathieu Joseph.
16:11 of 3rd period - Shot Misses the Net.
16:13 of 3rd period - Slapshot by Erik Gustafsson.
16:13 of 3rd period - Goal by Erik Gustafsson - Flames : 2 - Predators : 3.
16:14 of 3rd period - Radek Faksa wins face-off versus Connor Zary in neutral zone.
16:21 of 3rd period - Slapshot by Anthony Duclair.
16:21 of 3rd period - Stopped by Sergei Bobrovsky without a rebound.
16:22 of 3rd period - Blake Lizotte wins face-off versus Anthony Duclair in Flames zone.
16:27 of 3rd period - Snap shot by Zach Werenski.
16:27 of 3rd period - Shot Misses the Net.
16:54 of 3rd period - Slapshot by Alexandre Texier.
16:54 of 3rd period - Stopped by Sergei Bobrovsky with a rebound.
16:56 of 3rd period - Snap shot by Anthony Duclair.
16:56 of 3rd period - Shot Misses the Net.
16:58 of 3rd period - Slapshot by Mattias Samuelsson.
16:58 of 3rd period - Shot Blocked by Kiefer Sherwood.
17:00 of 3rd period - Snap shot by Radek Faksa.
17:00 of 3rd period - Stopped by Sergei Bobrovsky with a rebound.
17:04 of 3rd period - Snap shot by Anthony Duclair.
17:04 of 3rd period - Stopped by Sergei Bobrovsky with a rebound.
17:06 of 3rd period - Slapshot by Mattias Samuelsson.
17:06 of 3rd period - Shot Blocked by Connor Zary.
17:44 of 3rd period - Backhand shot by Anthony Duclair.
17:44 of 3rd period - Shot Blocked by Connor Zary.
17:46 of 3rd period - Slapshot by Alexandre Texier.
17:46 of 3rd period - Shot Blocked by Nick Seeler.
17:48 of 3rd period - Snap shot by Alexandre Texier.
17:48 of 3rd period - Stopped by Sergei Bobrovsky without a rebound.
17:49 of 3rd period - Teddy Blueger wins face-off versus Mathieu Joseph in Flames zone.
17:54 of 3rd period - Backhand shot by Mark Jankowski.
17:54 of 3rd period - Shot Blocked by Jaccob Slavin.
18:37 of 3rd period - Drew Doughty is hit by Erik Gustafsson and loses puck.
19:13 of 3rd period - Flames, Sergei Bobrovsky is pulled from the net.
19:21 of 3rd period - Wrist shot by Sam Reinhart.
19:21 of 3rd period - Goal by Sam Reinhart - Flames : 3 - Predators : 3.
19:21 of 3rd period - Sergei Bobrovsky from Flames was sent back in the game.
19:22 of 3rd period - Aleksander Barkov wins face-off versus Teddy Blueger in neutral zone.
Goals for this period are 2 for Flames vs 1 for Predators.
Shots for this period are 15 for Flames vs 16 for Predators.

Overtime #1


0:01 of 1st overtime period - Pavel Zacha wins face-off versus Aleksander Barkov in neutral zone.
0:08 of 1st overtime period - Wrist shot by Jaccob Slavin.
0:08 of 1st overtime period - Stopped by Sergei Bobrovsky without a rebound.
0:09 of 1st overtime period - Aleksander Barkov wins face-off versus Pavel Zacha in Flames zone.
0:16 of 1st overtime period - Backhand shot by Aleksander Barkov.
0:16 of 1st overtime period - Shot Blocked by Zach Werenski.
0:18 of 1st overtime period - Slapshot by Brandon Hagel.
0:18 of 1st overtime period - Deflect By Aleksander Barkov.
0:18 of 1st overtime period - Shot Blocked by Zach Werenski.
0:18 of 1st overtime period - Puck is out of play.
0:19 of 1st overtime period - Aleksander Barkov wins face-off versus Pavel Zacha in Flames zone.
0:28 of 1st overtime period - Wrist shot by Sam Reinhart.
0:28 of 1st overtime period - Shot Blocked by Brandon Hagel.
0:48 of 1st overtime period - Snap shot by Pavel Zacha.
0:48 of 1st overtime period - Shot Blocked by Brandon Hagel.
0:50 of 1st overtime period - Slapshot by Drew Doughty.
0:50 of 1st overtime period - Stopped by Connor Ingram with a rebound.
0:52 of 1st overtime period - Backhand shot by Drew Doughty.
0:52 of 1st overtime period - Shot Misses the Net.
0:54 of 1st overtime period - Snap shot by Drew Doughty.
0:54 of 1st overtime period - Shot Blocked by Jaccob Slavin.
0:56 of 1st overtime period - Wrist shot by Drew Doughty.
0:56 of 1st overtime period - Shot Misses the Net.
0:58 of 1st overtime period - Wrist shot by Drew Doughty.
0:58 of 1st overtime period - Shot Misses the Net.
1:04 of 1st overtime period - Snap shot by Pavel Zacha.
1:04 of 1st overtime period - Stopped by Connor Ingram with a rebound.
1:12 of 1st overtime period - Snap shot by Aleksander Barkov.
1:12 of 1st overtime period - Deflect By Brandon Hagel.
1:12 of 1st overtime period - Goal by Brandon Hagel - Flames : 3 - Predators : 4.
Goals for this period are 0 for Flames vs 1 for Predators.
Shots for this period are 2 for Flames vs 2 for Predators.